Map: Ephemeron LE

Players

Ratl - Winner!

  • Race: Protoss Protoss
  • League: Silver
  • Spawn Location: 5:00

haydean

  • Race: Terran Terran
  • League: Silver
  • Spawn Location: 11:00

VOD

Have the link to the VOD?

Description

Time

  • Played on: Feb. 3, 2020, 8:46 p.m.
  • Length: 15:19
Show
View Real Time Build Order
Export as new Build Order

Ratl Protoss - Winner!

Build Orders:  

Get SALT Encoding   

  12  0:01  Probe  
  13  0:13  Probe  
  14  0:25  Pylon  
  14  0:26  Probe  
  15  0:43  Probe  
  15  0:47  Gateway  
  16  0:52  Assimilator  
  16  0:56  Probe (Chrono Boost)  
  17  1:00  Assimilator  
  17  1:08  Probe (Chrono Boost)  
  18  1:13  Probe (Chrono Boost)  
  18  1:14  Gateway  
  19  1:22  Probe  
  20  1:36  Cybernetics Core  
  20  1:42  Probe  
  20  1:44  Pylon  
  21  1:55  Probe  
  22  2:07  Probe  
  23  2:11  Warp Gate (Chrono Boost)  
  23  2:15  Stalker x2  
  27  2:19  Probe  
  28  2:31  Probe  
  29  2:38  Robotics Facility  
  29  2:43  Probe  
  30  3:02  Nexus  
  30  3:09  Pylon  
  30  3:17  Probe  
  31  3:27  Observer  
  31  3:29  Probe  
  33  3:38  Pylon  
  33  3:41  Probe  
  33  3:45  Gateway  
  33  3:47  Forge  
  34  3:49  Observer  
  34  3:53  Probe  
  36  4:01  Stalker x2  
  40  4:06  Probe (Chrono Boost)  
  41  4:14  Probe (Chrono Boost)  
  41  4:17  Protoss Ground Weapons Level 1 (Chrono Boost)  
  42  4:24  Probe (Chrono Boost)  
  44  4:25  Probe (Chrono Boost)  
  44  4:30  Probe x2 (Chrono Boost)  
  45  4:31  Immortal  
  50  4:40  Assimilator  
  50  4:41  Probe  
  50  4:42  Probe  
  50  4:44  Assimilator  
  52  4:51  Observer  
  52  4:53  Probe  
  52  4:54  Probe, Stalker  
  52  4:55  Stalker  
  58  5:06  Probe x2  
  60  5:18  Probe x2  
  62  5:33  Pylon  
  62  5:35  Pylon  
  62  5:41  Pylon  
  62  5:45  Pylon  
  62  5:51  Probe (Chrono Boost)  
  62  5:52  Immortal  
  62  5:53  Probe (Chrono Boost), Forge  
  62  5:55  Robotics Bay  
  68  5:58  Pylon  
  68  6:04  Probe (Chrono Boost)  
  70  6:10  Probe (Chrono Boost)  
  70  6:11  Twilight Council  
  70  6:12  Probe (Chrono Boost)  
  70  6:16  Probe  
  72  6:21  Probe  
  73  6:30  Nexus  
  73  6:43  Stalker x2  
  73  6:44  Observer, Stalker  
  79  6:47  Charge  
  79  6:49  Protoss Ground Weapons Level 2, Protoss Ground Armor Level 1  
  79  6:52  Immortal  
  83  6:58  Extended Thermal Lance  
  83  7:21  Probe x2  
  85  7:25  Stalker x3  
  91  7:31  Colossus  
  91  7:33  Probe x2  
  99  7:38  Gateway x2  
  99  7:40  Gateway  
  99  7:42  Gateway  
  99  7:45  Probe x3  
  102  7:57  Probe x3  
  105  8:00  Zealot x2  
  105  8:01  Zealot  
  105  8:03  Pylon  
  105  8:05  Pylon  
  111  8:28  Immortal  
  111  8:30  Dark Shrine  
  92  9:46  Protoss Ground Weapons Level 3 (Chrono Boost), Protoss Ground Armor Level 2 (Chrono Boost)  
  92  9:47  Probe x3  
  95  9:55  Immortal  
  95  9:59  Probe, Zealot x3  
  106  10:00  Zealot x4  
  114  10:18  Stargate, Templar Archives  
  114  10:20  Stargate  
  114  10:22  Stargate  
  114  10:32  Zealot x5  
  124  10:37  Assimilator  
  124  10:47  Assimilator  
  124  10:49  Pylon  
  124  10:50  Pylon  
  124  10:55  Pylon  
  124  10:56  Warp Prism  
  124  10:57  Pylon  
  124  10:59  Pylon  
  124  11:00  Pylon  
  124  11:02  Pylon  
  124  11:03  Pylon  
  124  11:07  Pylon  
  126  11:13  High Templar x3  
  126  11:14  High Templar x4  
  126  11:18  Archon x3  
  140  11:29  Void Ray x2  
  140  11:30  Void Ray  
  152  11:49  Fleet Beacon  
  152  11:55  Zealot x7  
  166  12:12  Immortal (Chrono Boost), Void Ray  
  174  12:16  Nexus  
  174  12:22  Pylon  
  174  12:24  Pylon, Void Ray x2  
  174  12:26  Robotics Facility  
  174  12:28  Robotics Facility  
  182  12:43  Immortal  
  182  12:47  Unknown  
  186  12:52  High Templar  
  186  12:53  Zealot x2  
  186  12:54  Zealot x2  
  196  13:05  Void Ray  
  194  13:49  Stalker x3  
  200  14:18  Nexus  
  198  14:41  Stalker x4  
  198  14:42  Stalker  
  198  14:44  Stalker x2  
Show
View Real Time Build Order
Export as new Build Order

haydean Terran 

Build Orders:  

Get SALT Encoding   

  12  0:18  SCV  
  13  0:30  SCV  
  14  0:37  Supply Depot  
  14  0:42  SCV  
  15  0:46  Refinery  
  15  0:52  Refinery  
  15  0:58  SCV  
  16  1:07  Barracks  
  16  1:10  SCV  
  17  1:23  SCV  
  18  1:35  SCV  
  19  1:47  SCV  
  19  1:49  Barracks  
  20  1:54  Supply Depot  
  20  1:59  SCV  
  21  2:05  Factory  
  21  2:07  Barracks Tech Lab  
  21  2:11  SCV  
  22  2:27  Marauder  
  24  2:37  Barracks Reactor  
  24  2:49  Marauder  
  26  2:57  Starport  
  26  2:58  Factory Tech Lab  
  26  3:10  Marine  
  27  3:21  Marine x2  
  29  3:27  Marine  
  30  3:38  Marine  
  30  3:41  Supply Depot  
  31  3:42  Supply Depot  
  31  3:49  Engineering Bay  
  31  3:58  Starport Tech Lab  
  31  4:02  Marine x2, Siege Tank  
  38  4:03  Marauder  
  38  4:09  Supply Depot  
  38  4:14  Orbital Command  
  38  4:20  Marine x2  
  42  4:24  Marauder  
  42  4:28  Stimpack  
  42  4:41  Supply Depot  
  42  4:42  Supply Depot  
  43  4:45  SCV  
  43  4:57  SCV  
  44  5:03  Missile Turret  
  44  5:06  Medivac  
  46  5:25  SCV  
  46  5:26  Missile Turret  
  47  5:36  Medivac  
  47  5:37  SCV  
  50  5:45  Armory  
  50  5:49  SCV  
  51  6:01  SCV  
  52  6:16  Marauder  
  52  6:17  Command Center  
  54  6:19  Refinery  
  54  6:23  Refinery  
  54  6:25  SCV  
  55  6:37  SCV, Marauder  
  58  6:47  Missile Turret  
  58  6:49  SCV  
  59  6:54  Marine  
  59  6:55  Marine  
  59  6:59  Marauder  
  63  7:01  SCV  
  64  7:09  Sensor Tower  
  64  7:12  Marine x2  
  64  7:14  SCV  
  67  7:20  Marine  
  68  7:30  Marine x2, Planetary Fortress  
  70  7:37  Marine  
  71  7:46  Sensor Tower  
  71  8:08  SCV  
  71  8:09  SCV  
  73  8:20  SCV  
  73  8:21  SCV  
  73  8:23  Supply Depot  
  75  8:33  SCV x2  
  77  8:45  SCV x2  
  79  8:57  SCV x2  
  51  9:49  Viking  
  53  10:11  Marine x3  
  56  10:18  Thor, Viking  
  64  10:23  Terran Vehicle Weapons Level 1  
  64  10:29  Marine x3  
  67  10:39  Command Center  
  67  10:46  Marine  
  67  10:47  Marine x2  
  67  10:48  Viking  
  72  11:01  Starport  
  72  11:02  Starport  
  72  11:04  Marine x2  
  72  11:05  Marine  
  72  11:08  Barracks  
  75  11:17  Barracks  
  75  11:18  Viking  
  75  11:22  Marine x3  
  80  11:40  Marine x3  
  80  11:41  Barracks  
  83  11:48  Viking  
  83  11:52  Missile Turret  
  85  11:57  Barracks  
  85  11:58  Marine x3, Planetary Fortress  
  88  12:05  Viking  
  90  12:12  Missile Turret  
  90  12:15  Marine  
  90  12:16  Marine  
  90  12:17  Marine x3  
  95  12:33  Marine x2  
  95  12:34  Refinery  
  95  12:35  Marine x2  
  99  12:37  Combat Shield  
  99  12:54  Marine  
  99  12:55  Marine x6  
  106  13:00  Refinery  
  106  13:12  Marine x2  
  86  13:57  Marauder  
  86  14:00  Marine x3, Barracks Tech Lab  
  86  14:01  Marine x2  
  93  14:08  Starport Tech Lab  
  93  14:18  Marine x4  
  93  14:19  Marine, Marauder  
  100  14:36  Marine x5  
  105  14:40  Marauder  
Tags
 
Add a new tag
Caveats
  • Supply blocks, unpowered buildings, or Contaminate may cause inaccurate times.
  • Supply counts are checked every 10 seconds.